 Dungeon Crawl Stone Soup version 0.21-a0-278-ga722497 (webtiles) character file.

35 Gorice the Bolt Thrower (level 3, 0/26 HPs)
             Began as a Gnoll Arcane Marksman on Sept 21, 2017.
             Slain by a hobgoblin
             ... wielding a +0 club
              (5 damage)
             ... on level 1 of the Dungeon.
             The game lasted 00:03:02 (601 turns).

Gorice the Bolt Thrower (Gnoll Arcane Marksman)      Turns: 601, Time: 00:03:03

Health: 0/26       AC:  2    Str:  7    XL:     3   Next: 35%
Magic:  3/5        EV: 12    Int:  7    God:
Gold:   18         SH:  0    Dex:  7    Spells: 4/5 levels left

rFire    . . .     SeeInvis .   b - +0 halberd
rCold    . . .     Gourm    .   (shield currently unavailable)
rNeg     . . .     Faith    .   e - +0 robe
rPois    .         Spirit   .   (no helmet)
rElec    .         Reflect  .   (no cloak)
rCorr    .         Harm     .   (no gloves)
MR       .....                  (no boots)
Stlth    +.........             (no amulet)
HPRegen  0.08/turn              (no ring)
MPRegen  0.09/turn              (no ring)

@: no status effects
A: unchanging attributes, fangs 1, strong nose
a: no special abilities


You were on level 1 of the Dungeon.
You were not hungry.

You visited 1 branch of the dungeon, and saw 1 of its levels.

You collected 18 gold pieces.

Inventory:

Hand Weapons
 a - a +0 hand crossbow
 b - a +0 halberd (weapon)
Missiles
 d - 3 bolts
 Y - a throwing net (quivered)
Armour
 e - a +0 robe (worn)
Books
 c - a book of Debilitation
Comestibles
 f - a bread ration {!e}
 g - 4 chunks of flesh


   Skills:
 - Level 1.3 Fighting
 * Level 4.9 Crossbows
 - Level 2.6 Dodging
 - Level 1.5 Spellcasting
 - Level 4.0 Hexes


You had 4 spell levels left.
You knew the following spells:

 Your Spells              Type           Power        Failure   Level  Hunger
a - Corona                Hex            #......      8%          1    ##.....


Dungeon Overview and Level Annotations

Branches:
Dungeon (1/15)

Altars:


Innate Abilities, Weirdness & Mutations

Your physical attributes are unchanging.
You have very sharp teeth.
Your uncanny sense of smell can sniff out nearby items.


Message History

Press: ? - help, Shift-Dir - straight line, f/p - hobgoblin
Aim: a hobgoblin, wielding a club (severely wounded)
You shoot a bolt. The bolt closely misses the hobgoblin.
The bolt hits the hobgoblin.
You kill the hobgoblin!
The hobgoblin hits you.
* * * LOW HITPOINT WARNING * * *
Damage: 2 (max 5) Firing (i - inventory. (,) - cycle):
d - 5 bolts (quivered)
Press: ? - help, Shift-Dir - straight line, f/p - hobgoblin
Aim: a hobgoblin, wielding a club (severely wounded)
You shoot a bolt.
The bolt closely misses the hobgoblin. x2
The hobgoblin closely misses you.
Firing (i - inventory. (,) - cycle):
d - 4 bolts (quivered)
Press: ? - help, Shift-Dir - straight line, f/p - hobgoblin
Aim: a hobgoblin, wielding a club (severely wounded)
You shoot a bolt.
The bolt hits the hobgoblin but does no damage.
The hobgoblin is severely wounded.
The hobgoblin hits you but does no damage.
Casting: Corona
Confirm with . or Enter, or press ? or * to list all spells.
Aiming: Corona
Press: ? - help, Shift-Dir - straight line, f/p - hobgoblin
Aim: a hobgoblin, wielding a club (severely wounded, chance to defeat MR: 58%)
The hobgoblin is outlined in light.
The hobgoblin barely misses you.
b - a +0 halberd (weapon)
The hobgoblin hits you.
* * * LOW HITPOINT WARNING * * *
Damage: 1 (max 5)
You hit the hobgoblin.
You kill the hobgoblin!
The hobgoblin misses you.
You hit the hobgoblin but do no damage.
The hobgoblin is severely wounded.
The hobgoblin hits you with a club.
* * * LOW HITPOINT WARNING * * *
Damage: 1 (max 5)
Casting: Corona
Confirm with . or Enter, or press ? or * to list all spells.
Aiming: Corona
Press: ? - help, Shift-Dir - straight line, f/p - hobgoblin
Aim: a hobgoblin, wielding a club (severely wounded, chance to defeat MR: 58%)
The hobgoblin is outlined in light.
The hobgoblin hits you with a club.
* * * LOW HITPOINT WARNING * * *
Damage: 2 (max 5)
You hit the hobgoblin but do no damage.
The hobgoblin is severely wounded.
The hobgoblin hits you with a club.
You die...

###### #....#
##########
#....#####........#
####
#.......รท..######.#
#... #....####>##
#.# #.#. #....#
#.#######.# #.#.
######
#.@g)((...######.#.
########...##......
... ###.....##.##
.....##g.(..####.##
.....gg.#..## #...
.K...####.........#
..g. ##........# ..
#........#
#...(.#.##


You could see a hobgoblin.

Vanquished Creatures
  A gnoll (D:1)
  2 oozes (D:1)
  A giant cockroach (D:1)
  2 goblins (D:1)
  6 hobgoblins (D:1)
  A kobold (D:1)
  3 rats (D:1)
16 creatures vanquished.

Notes
Turn   | Place    | Note
-------+----------+-------------------------------------------
     0 | D:1      | Gorice the Gnoll Arcane Marksman began the quest for the Orb.
     0 | D:1      | Reached XP level 1. HP: 15/15 MP: 3/3
   158 | D:1      | Reached skill level 3 in Crossbows
   181 | D:1      | HP: 4/15 [hobgoblin (2)]
   413 | D:1      | Reached skill level 4 in Crossbows
   413 | D:1      | Reached XP level 2. HP: 21/21 MP: 2/4
   480 | D:1      | Reached XP level 3. HP: 26/26 MP: 2/5
   599 | D:1      | HP: 7/26 [hobgoblin/club (1)]
   601 | D:1      | Slain by a hobgoblin

Vault maps used:
D:1:      doesnt_arrival_eight_statues

Skill      XL: |  1 |
---------------+----+-----
Crossbows      | 4 |  4.9
Fighting       | |  1.3
Dodging        | |  2.6
Spellcasting   | |  1.5
Hexes          | |  4.0

Action                   || total
-------------------------++-------
Melee: Halberd           ||    14
       Bite              ||     1
 Fire: Hand crossbow     ||    41
 Cast: Corona            ||    14
Armor: Robe              ||     5
Dodge: Dodged            ||    29

Table legend:
 A = Spawn XP
 B = Non-spawn XP
 C = Spawn XP percentage of total XP
 D = Spawn monster count
 E = Non-spawn monster count
 F = Spawn count percentage of total count
 G = Total turns spent on level
                    A         B        C        D         E        F      G
               +---------+---------+-------+---------+---------+-------+---------
         Total |       0 |      51 |   0.0 |       0 |      16 |   0.0 |   601
               +---------+---------+-------+---------+---------+-------+---------
           D:1 |       0 |      51 |   0.0 |       0 |      16 |   0.0 |   601
               +---------+---------+-------+---------+---------+-------+---------

Table legend:
 A = Turns spent in this place as a percentage of turns spent in the entire game.
 B = Non-inter-level travel turns spent in this place as a percentage of non-inter-level travel turns spent in the entire game.
 C = Inter-level travel turns spent in this place as a percentage of turns spent in this place.
 D = Turns resting spent in this place as a percentage of non-inter-level travel turns spent in this place.
 E = Turns spent auto-exploring this place as a percentage of non-inter-level travel turns spent in this place.
 F = Non-inter-level travel turns spent in this place divided by the number of levels of this place that you've seen.
                   A       B       C       D       E      F
               +-------+-------+-------+-------+-------+----------------------
         Total | 100.0 | 100.0 |   0.0 |  53.2 |   7.0 | 601.0
       Dungeon | 100.0 | 100.0 |   0.0 |  53.2 |   7.0 | 601.0
               +-------+-------+-------+-------+-------+----------------------

Vault maps used:
D:1:      doesnt_arrival_eight_statues
